AoeStats
← Erickinio

Pilgrims

508897718Analyzed
4v4 RM · 8d ago on Sep 24, 2026· 40m 25s· 8 players
Game mode
Random Map
Map size
Large (8 player)
Population
200
Speed
Normal
Resources
Standard
Victory
Conquest
Starting age
Dark Age
Ending age
Imperial Age
RankedLock teamsTeams togetherTeam positionsShared explorationLock speedFull tech treeHidden civsTurbo modeCheats
Victory
Defeat
🇺🇸 Franks · United States
956
+13
🇺🇸 Celts · United States
954
+13
🇺🇸 Goths · United States
950
+13
🇨🇳 Poles · China
844
+17
🇲🇽 Saxons · Mexico
935
-16
🇦🇷 Celts · Argentina
895
-15
🇬🇧 Magyars · United Kingdom
859
-13
🇨🇳 Gurjaras · China
844
-12
NordicPain
4:06 Loom
10:44 Feudal Age
13:25 Double-Bit Axe
18:47 Stone Mining
19:02 Town Watch
21:41 Castle Age
21:50 Forging
21:48 Pikeman
25:55 Fishing Lines
30:26 Gillnets
Dave C.T
11:35 Loom
14:17 Feudal Age
27:13 Castle Age
30:50 Medium Warships
32:30 Gold Mining
35:41 Stone Mining
40:55 Imperial Age
39:16 Wheelbarrow
JOE
4:15 Loom
11:55 Feudal Age
17:12 Castle Age
15:41 Fishing Lines
16:07 Arson
15:45 Man-at-Arms
23:11 Gillnets
29:55 Imperial Age
Erickinio
12:47 Feudal Age
11:03 Loom
16:03 Man-at-Arms
18:26 Forging
20:25 Scale Mail Armor
24:50 Castle Age
24:35 Double-Bit Axe
25:32 Wheelbarrow
25:27 Pikeman
25:53 Gambesons
29:39 Arson
29:38 Long Swordsman
36:05 Stronghold
37:27 Iron Casting
37:09 Chain Mail Armor
ancientlasers
13:28 Feudal Age
11:46 Loom
14:09 Man-at-Arms
14:35 Arson
19:47 Castle Age
20:31 Pikeman
23:19 Double-Bit Axe
24:57 Forging
29:44 Wheelbarrow
32:18 Hand Cart
36:57 Imperial Age
34:58 Horse Collar
36:57 Iron Casting
35:46 Long Swordsman
36:12 Gambesons
38:15 Two-Handed Swordsman
40:16 Conscription
40:33 Hoardings
BubblySimbly
5:06 Loom
14:15 Feudal Age
15:24 Fishing Lines
24:10 Castle Age
25:16 Forging
27:20 Husbandry
28:17 Fletching
28:30 Stone Mining
29:33 Bodkin Arrow
31:35 Scale Barding Armor
33:11 Wheelbarrow
35:41 Imperial Age
36:15 Iron Casting
36:04 Cavalier
37:12 Conscription
40:00 Gold Mining
41:15 Blast Furnace
howard4321
4:08 Loom
11:56 Feudal Age
12:35 Man-at-Arms
16:13 Castle Age
16:17 Long Swordsman
16:59 Double-Bit Axe
17:38 Scale Mail Armor
18:35 Forging
21:03 Pikeman
22:20 Chain Mail Armor
33:03 Iron Casting
32:35 Squires
33:27 Wheelbarrow
32:37 Town Watch
41:04 Imperial Age
38:51 Hand Cart
38:37 Town Patrol
873108255
4:23 Loom
11:29 Feudal Age
12:39 Double-Bit Axe
14:23 Horse Collar
14:33 Fishing Lines
16:41 Wheelbarrow
16:02 Gold Mining
19:26 Castle Age
17:14 Town Watch
18:41 Scale Barding Armor
19:48 Scale Mail Armor
20:22 Bloodlines
19:40 Man-at-Arms
20:55 Forging
21:13 Heavy Plow
20:41 Long Swordsman
21:26 Husbandry
28:35 Chain Mail Armor
29:16 Gillnets
29:38 Light Cavalry
32:25 Iron Casting
37:41 Stone Mining
40:22 Hand Cart
Connection lost

Rejoining the realm…

Still unreachable

The connection could not be restored.

Session expired

The server has moved on; the page needs a fresh start.